 Dungeon Crawl Stone Soup version 0.27.1 (webtiles) character file.

Game seed: 17689823192298382860

29 MacCMillion the Gusty (level 3, 10/19 HPs)
             Began as a Tengu Air Elementalist on Sept 3, 2021.
             Quit the game on level 2 of the Dungeon.
             The game lasted 00:04:09 (1588 turns).

MacCMillion the Gusty (Tengu Air Elementalist)      Turns: 1588, Time: 00:04:10

Health: 10/19      AC:  2    Str:  8    XL:     3   Next: 16%
Magic:  3/7        EV: 12    Int: 16    God:
Gold:   14         SH:  0    Dex: 14    Spells: 5/6 levels left

rFire    . . .     SeeInvis .   (no weapon)
rCold    . . .     Faith    .   (no shield)
rNeg     . . .     Spirit   .   a - +0 robe
rPois    .         Reflect  .   (helmet restricted)
rElec    .         Harm     .   (no cloak)
rCorr    .         Rampage  .   (no gloves)
Will     .....                  (boots unavailable)
Stlth    ++........             (no amulet)
HPRegen  0.06/turn              (no ring)
MPRegen  0.10/turn              (no ring)

@: no status effects
A: beak, talons 3
a: no special abilities


You were on level 2 of the Dungeon.
You visited 1 branch of the dungeon, and saw 2 of its levels.

You collected 14 gold pieces.

Inventory:

Armour
 a - a +0 robe (worn)
Scrolls
 b - a scroll of amnesia {unknown}
 c - a scroll of identify {unknown}


   Skills:
 - Level 2.1 Dodging
 - Level 2.0 Stealth
 - Level 2.0 Spellcasting
 + Level 2.4 Conjurations
 * Level 5.2 Air Magic


You had 5 spell levels left.
You knew the following spells:

 Your Spells              Type           Power      Damage    Failure   Level
a - Shock                 Conj/Air       52%        1d6       4%          1

Your spell library contained the following spells:

 Spells                   Type           Power      Damage    Failure   Level
 Static Discharge         Conj/Air       13%        N/A       7%          2
 Swiftness                Air            18%        N/A       8%          3
 Airstrike                Air            9%         N/A       24%         4


Dungeon Overview and Level Annotations

Branches:
Dungeon (2/15)

Altars:

Shops:
D:1 (


Innate Abilities, Weirdness & Mutations

You have a beak for a mouth.
You have claws for feet.


Message History

You can't see any susceptible monsters within range! (Use Z to cast anyway.)
There is an entrance to Teix Ikki's Antique Weapon Shoppe here.
There is an open door here.
There is an open door here.
There is an open door here.
Done exploring.
Done exploring.
There is an open door here.
There is a fountain of clear blue water here.
There is an escape hatch in the floor here.
There is an open door here.
There is a stone staircase leading down here.
You climb downwards.
There is a stone staircase leading up here.
You barely miss the goblin. You hit the goblin but do no damage.
Your peck misses the goblin. The goblin hits you but does no damage.
That beam is likely to hit you.
Continue anyway?
Okay, then.
Found a leather armour.
The goblin hits you but does no damage. The bat misses you.
The bat hits you but does no damage. The bat hits you.
The zap hits the goblin.
The goblin is severely wounded.
The bat closely misses you.
A bat comes into view.
The zap misses the goblin.
The bat misses you. The bat closely misses you.
The goblin hits you with a +0 club.
The zap hits the goblin.
You kill the goblin!
The bat hits you but does no damage. The bat hits you.
That beam is likely to hit you.
Continue anyway? [Y]es or [N]o only, please.
That beam is likely to hit you.
Continue anyway?
The zap hits the bat.
The bat is moderately wounded.
The zap hits the bat.
You kill the bat!
The zap misses you. The zap hits you. The bat misses you.
Are you sure you want to abandon this character and quit the game? (Confirm with "yes".)

#. .#
#.####.
#.....
#..#.###
#...<..#
#...##.#
#......#
##.b####
#†@#
#..#
#..#
...#
###[#
#.# #.#
..#


You could see a bat.

Vanquished Creatures
  2 ball pythons (D:1)
  2 bats
  3 endoplasms (D:1)
  A giant cockroach (D:1)
  2 goblins
  3 hobgoblins (D:1)
  2 jackals (D:1)
  2 kobolds (D:1)
  3 quokkas (D:1)
  3 rats (D:1)
23 creatures vanquished.

Notes
Turn   | Place    | Note
-------+----------+-------------------------------------------
     0 | D:1      | MacCMillion the Tengu Air Elementalist began the quest for
                  | the Orb.
     0 | D:1      | Reached XP level 1. HP: 10/10 MP: 4/4
   195 | D:1      | Found Teix Ikki's Antique Weapon Shoppe.
   352 | D:1      | Reached XP level 2. HP: 15/15 MP: 3/6
   486 | D:1      | Found a faded altar of an unknown god.
   942 | D:1      | Reached skill level 5 in Air Magic
  1025 | D:1      | Reached XP level 3. HP: 19/19 MP: 3/7
  1588 | D:2      | Quit the game

Illustrated notes

Levels and vault maps discovered:
D:1:      minmay_arrival_split_and_join, layout_basic,
          ebering_ecumenical_altar_box, serial_shops, shop
D:2:      layout_basic, serial_shops, shop, kennysheep_generic_room_6,
          uniq_sigmund

Skill      XL: |  1  2 |
---------------+-------+-----
Conjurations   | 2 |  2.4
Air Magic      | 5 |  5.2
Dodging        | |  2.1
Stealth        | |  2.0
Spellcasting   | |  2.0

Action                   || total
-------------------------++-------
Melee: Unarmed           ||     2
 Cast: Shock             ||    51
Armor: Robe              ||     7
Dodge: Dodged            ||    17
